 Dungeon Sprint DCSS version 0.20.1-1-g8b1a95d (webtiles) character file.

2500000 Cral the Axe Maniac (level 18, -41/182 HPs)
             Began as a Demonspawn Warper on July 15, 2017.
             Was a High Priest of Makhleb.
             Annihilated by a large bag of meat
             ... wielding a +9 giant spiked club
              (93 damage)
             ... in the Dungeon (Sprint VIII: "Arena of Blood").
             The game lasted 00:00:37 (25 turns).

Cral the Axe Maniac (Demonspawn Warper)               Turns: 25, Time: 00:00:37

Health: -41/182    AC:  5    Str: 12    XL:     18   Next: 80%
Magic:  7/49       EV: 33    Int: 16    God:    Makhleb [*****.]
Gold:   0          SH:  0    Dex: 19    Spells: 71/71 levels left

rFire    . . .     SeeInvis .   l - +∞ Axe of Woe
rCold    + . .     Gourm    .   (shield currently unavailable)
rNeg     . . .     Faith    .   b - +0 leather armour
rPois    .         Spirit   .   (helmet unavailable)
rElec    .         Reflect  .   (no cloak)
rCorr    .         Harm     .   (no gloves)
MR       +....     NoTele   +   (boots unavailable)
Stlth    +++++.....             (no amulet)
Regen    0.4/turn               (no ring)
MPRegen  0.4/turn               (no ring)

@: no status effects
A: claws 2, horns 3, talons 3, cold resistance 1, nightstalker 2, freezing cloud
immunity
a: Minor Destruction, Lesser Servant of Makhleb, Major Destruction, Greater
Servant of Makhleb, Renounce Religion


You were in the Dungeon.
You worshipped Makhleb.
Makhleb was extremely pleased with you.
You were not hungry.

You visited 1 branch

Inventory:

Hand Weapons
 a - a +0 hand axe
 l - the +∞ Axe of Woe (weapon)
   (You found it in the Dungeon)
Missiles
 e - 5 tomahawks of dispersal (quivered)
Armour
 b - a +0 leather armour (worn)
Scrolls
 d - 2 scrolls of blinking
Potions
 g - a potion of curing
 h - a potion of heal wounds
 i - a potion of haste
 j - 2 potions of magic
 k - a potion of berserk rage
Books
 c - a book of Spatial Translocations

   Spells                             Type                      Level
   a - Blink                          Translocation                2
   b - Shroud of Golubria             Charms/Translocation         2
   c - Lesser Beckoning               Translocation                3
   d - Gell's Gravitas                Translocation                3
   e - Teleport Other                 Translocation                3
   f - Passage of Golubria            Translocation                4
Comestibles
 f - a bread ration


   Skills:
 O Level 27 Fighting
 O Level 27 Axes
 + Level 11.8 Throwing
 + Level 15.2 Armour
 + Level 26.3 Dodging
 + Level 6.0 Stealth
 O Level 27 Spellcasting
   Level 2.6 Translocations


You had 71 spell levels left.
You didn't know any spells.

Dungeon Overview and Level Annotations

Branches:
Dungeon (1/1)

Altars:
Makhleb


Innate Abilities, Weirdness & Mutations

You have very sharp fingernails.
You have a pair of large horns on your head.
You have claws for feet.
Your flesh is cold resistant. (rC+)
You are significantly more attuned to the shadows.
You are immune to freezing clouds.


Message History

Your Stealth skill increases to level 3!
You have mastered Spellcasting!
You hit the meat berserker but do no damage.
You hew the meat berserker savagely.
You kill the meat berserker!
Makhleb accepts your kill.
You can now summon a greater servant of Makhleb.
You have mastered Fighting!
Your Throwing skill increases to level 11!
Your Armour skill gained 2 levels and is now at level 15!
Your Dodging skill gained 3 levels and is now at level 26!
Your Stealth skill gained 3 levels and is now at level 6!
You hear a shout! x9
Unknown command.
You hear a shout! x2
The large bag of meat hits you with a +9 giant spiked club!!!!
* * * LOW HITPOINT WARNING * * *
The large bag of meat hits you with a +9 giant spiked club!!!!
Ouch! That really hurt!
You die...

.......###......
........_.....
.... #.....#
.....#_.<._#.. .
.....#.))..#....
.......)_)......
.....).###......
..###.))....###..
#..O@)..# .
#.......#
...o.......
..O.........
............
..........#


You could see a large bag of meat (inner flame), a meat berserker (berserk) and
a bag of meat.

Vanquished Creatures
  4 ogres (D)
  11 orcs (D)
15 creatures vanquished.

Notes
Turn   | Place    | Note
-------+----------+-------------------------------------------
     0 | D        | Cral the Demonspawn Warper began the quest for the Orb.
     0 | D        | Reached XP level 1. HP: 16/16 MP: 3/3
     2 | D        | Noticed a bag of meat
     2 | D        | Noticed a bag of meat
     3 | D        | Noticed a bag of meat
     5 | D        | Noticed a bag of meat
     6 | D        | Became a worshipper of Makhleb the Destroyer
     8 | D        | Killed a bag of meat
     8 | D        | Gained mutation: Your flesh is cold resistant. (rC+) [demonic ancestry]
     8 | D        | Reached XP level 2. HP: 40/40 MP: 3/17
     8 | D        | Gained mutation: You have sharp toenails. [demonic ancestry]
     8 | D        | Reached XP level 3. HP: 46/46 MP: 3/19
     8 | D        | Gained mutation: You are immune to freezing clouds. [demonic ancestry]
     8 | D        | Reached XP level 4. HP: 53/53 MP: 3/20
     8 | D        | Reached XP level 5. HP: 59/59 MP: 3/22
     8 | D        | Gained mutation: You have sharp fingernails. [demonic ancestry]
     8 | D        | Reached XP level 6. HP: 66/66 MP: 3/23
     8 | D        | Reached XP level 7. HP: 72/72 MP: 3/25
     8 | D        | Gained mutation: You are slightly more attuned to the shadows. [demonic ancestry]
     8 | D        | Reached XP level 8. HP: 79/79 MP: 3/26
     8 | D        | Reached XP level 9. HP: 85/85 MP: 3/27
     8 | D        | Reached XP level 10. HP: 92/92 MP: 3/28
     8 | D        | Gained mutation: You have a pair of small horns on your head. [demonic ancestry]
     8 | D        | Reached XP level 11. HP: 98/98 MP: 3/29
     9 | D        | Noticed a bag of meat
     9 | D        | Killed a bag of meat
     9 | D        | Reached * piety under Makhleb
     9 | D        | Reached skill level 15 in Fighting
     9 | D        | Reached skill level 15 in Axes
     9 | D        | Reached skill level 5 in Throwing
     9 | D        | Reached skill level 5 in Armour
     9 | D        | Gained mutation: You have very sharp fingernails. [demonic ancestry]
     9 | D        | Reached XP level 12. HP: 109/109 MP: 3/32
    10 | D        | Killed a bag of meat
    10 | D        | Reached skill level 15 in Dodging
    10 | D        | Gained mutation: You have razor-sharp toenails. [demonic ancestry]
    10 | D        | Reached XP level 13. HP: 89/119 MP: 3/35
    10 | D        | Killed a bag of meat
    10 | D        | Gained mutation: You have a pair of horns on your head. [demonic ancestry]
    10 | D        | Reached XP level 14. HP: 128/128 MP: 3/37
    10 | D        | Killed a bag of meat
    10 | D        | Reached ** piety under Makhleb
    11 | D        | Noticed a bag of meat
    12 | D        | Noticed a meat berserker
    12 | D        | Noticed a bag of meat
    12 | D        | Noticed a meat berserker
    13 | D        | Noticed a bag of meat
    14 | D        | Noticed a bag of meat
    14 | D        | Killed a bag of meat
    14 | D        | Gained mutation: You are significantly more attuned to the shadows. [demonic ancestry]
    14 | D        | Reached XP level 15. HP: 139/139 MP: 4/39
    15 | D        | Killed a meat berserker
    16 | D        | Killed a meat berserker
    16 | D        | Reached *** piety under Makhleb
    16 | D        | Reached skill level 10 in Armour
    16 | D        | Gained mutation: You have claws for feet. [demonic ancestry]
    16 | D        | Reached XP level 16. HP: 153/153 MP: 5/43
    17 | D        | Noticed a meat berserker
    17 | D        | Reached XP level 17. HP: 163/163 MP: 5/45
    19 | D        | Reached **** piety under Makhleb
    20 | D        | Killed a meat berserker
    20 | D        | Reached skill level 27 in Axes
    20 | D        | Reached skill level 10 in Throwing
    21 | D        | Noticed a meat berserker
    22 | D        | Noticed a large bag of meat
    22 | D        | Gained mutation: You have a pair of large horns on your head. [demonic ancestry]
    22 | D        | Reached XP level 18. HP: 99/177 MP: 6/48
    24 | D        | Reached skill level 27 in Spellcasting
    24 | D        | Killed a meat berserker
    24 | D        | Reached ***** piety under Makhleb
    24 | D        | Reached skill level 27 in Fighting
    24 | D        | Reached skill level 15 in Armour
    25 | D        | Annihilated by a large bag of meat

Skill      XL: |  1  2  3  4  5  6  7  8  9 10 11 12 13 14 15 16 17 18 |
---------------+-------------------------------------------------------+-----
Fighting       | 13 15 16 17 19 21 23 25 27 | 27.0
Axes           | 13 15 16 18 20 23 25 27 | 27.0
Throwing       | 4 5 6 7 9 10 11 | 11.8
Armour         | 4 5 6 7 8 10 11 13 15 | 15.2
Dodging        | 12 14 15 16 17 20 21 23 26 | 26.3
Spellcasting   | 14 16 18 19 20 23 24 26 27 | 27.0
Stealth        | 2 6 |  6.0
Translocations | |  2.6

Action                   |  1- 3 |  4- 6 |  7- 9 | 10-12 | 13-15 | 16-18 || total
-------------------------+-------+-------+-------+-------+-------+-------++-------
Melee: Executioner's axe |     1 |       |       |     2 |     3 |     5 ||    11
Dodge: Dodged            |       |       |       |       |     1 |       ||     1
